 Dungeon Crawl Stone Soup version 0.31.0-12-g77e489cdc1 (webtiles) character file.

Game seed: 8698353362289832271

1302 Curundu the Cleaver (level 8, -2/96 (105) HPs)
             Began as a Minotaur Berserker on Feb 15, 2024.
             Was a Priest of Trog.
             Killed by divine providence
             ... invoked by Jeremiah
              (13 damage)
             ... on level 6 of the Dungeon.
             The game lasted 00:10:54 (4271 turns).

Curundu the Cleaver (Minotaur Berserker)            Turns: 4271, Time: 00:10:55

HP:   -2/96 (105)   AC: 13    Str: 24    XL:     8   Next: 31%
MP:   7/7           EV: 11    Int:  4    God:    Trog [***...]
Gold: 247           SH:  0    Dex: 10    Spells: 7/7 levels left

rFire   . . .        t - +0 war axe
rCold   . . .        (no shield)
rNeg    . . .        w - +0 scale mail
rPois   .            (helmet restricted)
rElec   .            k - +0 cloak
rCorr   .            A - +0 pair of gloves
SInv    .            (no boots)
Will    ++...        (no amulet) Stlth
                     B - +4 ring of protection
HPRegen 1.36/turn    (no ring)
MPRegen 0.10/turn

%: no passive effects
@: berserking, strong-willed, regenerating, drained, very quick
A: horns 2, retaliatory headbutt
a: Renounce Religion, Berserk, Trog's Hand


You were on level 6 of the Dungeon.
You worshipped Trog.
Trog was most pleased with you.
You visited 1 branch of the dungeon, and saw 6 of its levels.

You collected 247 gold pieces.

Inventory:

Hand Weapons
 b - a +1 spear of flaming
 t - a +0 war axe (weapon)
Missiles
 q - 5 boomerangs (quivered)
Armour
 k - a +0 cloak (worn)
 w - a +0 scale mail (worn)
 A - a +0 pair of gloves (worn)
Jewellery
 o - a ring of resist corrosion
 B - a +4 ring of protection (left hand)
Wands
 l - a wand of light (8)
 p - a wand of charming (16)
 y - a wand of mindburst (12)
Scrolls
 a - a scroll of fog {unknown}
 e - 8 scrolls of identify {unknown}
 f - a scroll of noise {unknown}
 j - a scroll of enchant armour {unknown}
 m - 2 scrolls of enchant weapon {unknown}
 r - a scroll of blinking {unknown}
 s - 2 scrolls of poison {unknown}
 v - a scroll of revelation {unknown}
 z - a scroll of teleportation {unknown}
Potions
 c - 2 potions of degeneration {unknown}
 d - 2 potions of cancellation {unknown}
 g - 3 potions of curing {unknown}
 h - a potion of invisibility {unknown}
 i - a potion of lignification {unknown}
 n - 4 potions of attraction {unknown}
 u - a potion of mutation {unknown}
 x - 2 potions of magic {unknown}
 C - a potion of heal wounds {unknown}


   Skills:
 + Level 6.2 Fighting
 + Level 9.6 Axes
 + Level 4.6 Armour
 + Level 4.7 Dodging
 + Level 1.1 Stealth


You had 7 spell levels left.
You didn't know any spells.
Your spell library was empty.

Dungeon Overview and Level Annotations

Branches:
Dungeon (6/15)
 Temple: D:4-7

Altars:
Dithmenos
Fedhas
Qazlal

Annotations:
D:6 Jeremiah


Innate Abilities, Weirdness & Mutations

You have a pair of horns on your head.
You reflexively headbutt those who attack you in melee.


Message History

The ufetubus hits you but does no damage. x2
The butterfly disappears in a burst of colours! x2
The ufetubus barely misses you. You furiously retaliate!
You headbutt the ufetubus. The ufetubus closely misses you.
The ufetubus hits you.
The ufetubus hits you but does no damage.
The ufetubus slips past you! The ufetubus closely misses you.
The ufetubus hits you but does no damage.
A gnoll comes into view. It is wielding a +0 club.
The gnoll shouts!
You slash the ufetubus!
You kill the ufetubus!
Trog accepts your kill.
You hear a shout!
Jeremiah closely misses you.
You miss the butterfly.
Jeremiah mumbles a slurred invocation.
Something smites you!
You barely miss the butterfly. Jeremiah misses you.
You closely miss the butterfly. Your headbutt misses the butterfly.
Jeremiah lets out a twisted cry.
Something smites you!
* * * LOW HITPOINT WARNING * * *
You hear a shout!
You slash the butterfly!
You kill the butterfly!
The butterfly disappears in a burst of colours!
You hear a shout!
Jeremiah hits you from afar with a +3 trident of draining!
* * * LOW HITPOINT WARNING * * *
You feel drained.
Your skin crawls.
You feel strong-willed. Jeremiah barely misses you.
A red film seems to cover your vision as you go berserk!
You feel yourself moving faster!
You feel mighty!
Jeremiah mumbles a slurred invocation.
Something smites you!
You die...
Jeremiah asks, "Is it over?
Can I wake up now?"

.# # b# #. ##+#b#
#.#+###.b.b#
#.......bb.#
###...b..bgb.#
.....b...#F#.#
###......#b# #
#...b..#@#
#.b..bb#.#
#.b.F..#.#
#......#.#
###b####.#
#########. #.# #.#
#.........
#.####.###.###.#.#.
#.......Fb<....#.#
######.####.#....#.


You could see Jeremiah and a gnoll.

Vanquished Creatures
  2 black bears (D:5)
  An ice beast (D:5)
  3 ogres
  A centaur (D:5)
  A phantom (D:5)
  The ghost of jimmypageman the Shield-Bearer, an amateur GrFi (D:3)
  A gnoll sergeant (D:5)
  A scorpion (D:5)
  2 bombardier beetles (D:5)
  3 iguanas
  A sleepcap (D:5)
  2 orc wizards
  4 adders
  6 gnolls (D:5)
  A shadow imp (D:6)
  An ufetubus (D:6)
  5 ribbon worms
  A dart slug (D:1)
  10 orcs
  3 ball pythons
  7 bats
  10 endoplasms
  2 giant cockroaches
  5 hobgoblins
  6 jackals
  7 kobolds
  4 quokkas
  A frilled lizard (D:1)
  12 goblins
  6 rats
110 creatures vanquished.

Notes
Turn   | Place    | Note
-------+----------+-------------------------------------------
     0 | D:1      | Curundu the Minotaur Berserker began the quest for the Orb.
     0 | D:1      | Reached XP level 1. HP: 19/19 MP: 0/0
    15 | D:1      | Found a faded altar of an unknown god.
   163 | D:1      | Reached XP level 2. HP: 26/27 MP: 1/1
   189 | D:1      | Reached skill level 4 in Axes
   729 | D:2      | Reached XP level 3. HP: 32/33 MP: 2/2
   768 | D:2      | Reached ** piety under Trog
   996 | D:2      | Found a blossoming altar of Fedhas.
  1543 | D:3      | Reached XP level 4. HP: 41/41 MP: 3/3
  1562 | D:3      | Found a runed translucent door.
  1691 | D:3      | Found a blossoming altar of Fedhas.
  1702 | D:3      | Reached skill level 5 in Axes
  2050 | D:3      | Noticed jimmypageman's ghost (amateur GrFi)
  2061 | D:3      | Killed jimmypageman's ghost
  2062 | D:3      | Reached XP level 5. HP: 47/47 MP: 4/4
  2407 | D:4      | Reached skill level 6 in Axes
  2408 | D:4      | Found a stormy altar of Qazlal.
  2512 | D:4      | Reached *** piety under Trog
  2570 | D:4      | Noticed an ogre
  2583 | D:4      | Reached XP level 6. HP: 55/55 MP: 5/5
  2590 | D:4      | Reached skill level 5 in Fighting
  2669 | D:4      | Found a shadowy altar of Dithmenos.
  2847 | D:5      | Entered Level 5 of the Dungeon
  2980 | D:5      | Noticed an ice beast
  2985 | D:5      | Killed an ice beast
  2986 | D:5      | Reached skill level 7 in Axes
  3015 | D:5      | Reached XP level 7. HP: 14/61 MP: 6/6
  3355 | D:5      | Reached skill level 1 in Stealth
  3478 | D:5      | Reached skill level 8 in Axes
  3946 | D:5      | Reached skill level 9 in Axes
  3946 | D:5      | Reached XP level 8. HP: 70/70 MP: 7/7
  4198 | D:6      | Noticed Jeremiah
  4271 | D:6      | Killed from afar by Jeremiah

Illustrated notes

Levels and vault maps discovered:
D:1:      mainiacjoe_arrival_reflecting_pool, layout_loops_ring,
          hellmonk_ecumenical_altar_run_dry
D:2:      layout_loops_ring, basic_altar
D:3:      layout_rooms, lemuel_tele_altar, ebering_ghost_reflecting_pool,
          roderic_cross_of_infinity, minmay_misc_feat_cross, nrook_campfire,
          minmay_strange_pillars
D:4:      layout_rooms, mainiacjoe_overflow_surrounded_room,
          lemuel_crystal_altar, nicolae_wormholes
D:5:      kennysheep_six_static_rooms, layout_basic, kennysheep_small_square
D:6:      layout_basic, minmay_temple_entry_offerings, minmay_diced_spiral,
          uniq_jeremiah

Skill      XL: |  1  2  3  4  5  6  7 |
---------------+----------------------+-----
Fighting       | 4 5 6 |  6.2
Axes           | 4 5 6 7 9 |  9.6
Dodging        | 3 4 |  4.7
Armour         | 3 4 |  4.6
Stealth        | 1 |  1.1

Action                     |  1- 3 |  4- 6 |  7- 9 || total
---------------------------+-------+-------+-------++-------
  Melee: Hand axe          |    82 |    13 |       ||    95
         Headbutt          |    12 |    16 |    11 ||    39
         War axe           |       |    63 |    79 ||   142
         Punch             |       |     1 |     1 ||     2
 Invoke: Trog's Hand       |       |     2 |     2 ||     4
         Berserk           |       |     2 |     1 ||     3
 Armour: Animal skin       |    56 |    31 |       ||    87
         Scale mail        |       |     9 |    92 ||   101
  Dodge: Dodged            |    66 |    46 |    60 ||   172
